 Dungeon Crawl Stone Soup version 0.31.0-12-g77e489cdc1 (webtiles) character file.

Game seed: 4995571875234249253

48349 hadoken the Grappler (level 14, -22/150 HPs)
             Began as a Troll Warper on Feb 11, 2024.
             Was a Believer of Uskayaw.
             Shot with an arrow by a centaur warrior (27 damage)
             ... on level 14 of the Dungeon.
             The game lasted 00:41:51 (17488 turns).

hadoken the Grappler (Troll Warper)                Turns: 17488, Time: 00:41:51

Health: -22/150    AC:  6    Str: 32    XL:     14   Next: 11%
Magic:  0/18       EV:  9    Int:  9    God:    Uskayaw [**....]
Gold:   1069       SH:  0    Dex:  9    Spells: 13/15 levels left

rFire   . .          .
                       - Unarmed
rCold   x . .        (no shield)
rNeg    . . .        u - +0 troll leather armour {Pargi}
rPois   +            (helmet restricted)
rElec   .            K - +0 cloak
rCorr   .            (gloves unavailable)
SInv    +            (boots unavailable)
Will    .....        W - amulet of guardian spirit Stlth
                     Q - ring of the Barnacle {^Contam rC- Str+6 Slay+4 SInv}
HPRegen 2.05/turn    S - ring of poison resistance
MPRegen 0.16/turn

%: guardian spirit
@: mighty, brilliant, silenced, weak-willed, marked, attractive, hasted, very
quick
A: large, unfitting armour, claws 3, regeneration 1, shaggy fur 1, tough skin 1
a: Renounce Religion


You were on level 14 of the Dungeon.
You worshipped Uskayaw.
Uskayaw was noncommittal.
You visited 4 branches of the dungeon, and saw 22 of its levels.
You also visited: Sewer.

You collected 1409 gold pieces.
You spent 340 gold pieces at shops.

Inventory:

Hand Weapons
 l - a +0 short sword
 L - a +0 club
Missiles
 c - 6 darts of dispersal
 B - a throwing net
 O - a javelin (quivered)
 T - 11 poisoned darts
Armour
 u - a +0 troll leather armour (worn) {Pargi}
 K - a +0 cloak (worn)
Jewellery
 a - a ring of protection from fire
 d - a ring of flight
 n - a ring of magical power
 N - the ring of Arrosch {rN+ Will+}
   (You found it on level 8 of the Dungeon)

   [ring of positive energy]

   rN+:       It protects you from negative energy.
   Will+:     It increases your willpower.
 P - a +6 ring of intelligence
 Q - the ring of the Barnacle (left claw) {^Contam rC- Str+6 Slay+4 SInv}
   (You found it on level 5 of the Lair of Beasts)

   [ring of strength]

   Str+6:     It affects your strength (+6).
   Slay+4:    It affects your accuracy & damage with ranged weapons and melee
   (+4).
   rC-:       It makes you vulnerable to cold.
   SInv:      It lets you see invisible.
   ^Contam:   It causes magical contamination when unequipped.
 S - a ring of poison resistance (right claw)
 W - an amulet of guardian spirit (around neck)
Talismans
 v - a maw talisman
 G - a blade talisman
Wands
 D - a wand of polymorph (6)
 J - a wand of paralysis (5)
 M - a wand of flame (21)
 Y - a wand of digging (2)
Scrolls
 b - 2 scrolls of blinking
 e - 4 scrolls of enchant weapon
 f - 3 scrolls of identify
 h - 3 scrolls of amnesia
 i - 5 scrolls of immolation
 k - 3 scrolls of revelation
 p - a scroll of enchant armour {unknown}
 q - a scroll of poison
 r - a scroll of teleportation
 s - a scroll of acquirement {unknown}
 y - 3 scrolls of noise
 A - a scroll of vulnerability
 U - a scroll of silence
Potions
 j - 4 potions of degeneration
 z - a potion of magic
 C - a potion of might
 I - a potion of attraction
 R - 2 potions of enlightenment
 V - 2 potions of brilliance
 X - a potion of resistance
Miscellaneous
 g - a tin of tremorstones (2/2)


   Skills:
 + Level 12.5 Fighting
 - Level 8.4 Throwing
 - Level 1.9 Dodging
 + Level 14.6 Unarmed Combat
 - Level 1.2 Spellcasting
 - Level 2.1 Translocations
 - Level 7.7 Invocations
 + Level 6.5 Shapeshifting


You had 13 spell levels left.
You knew the following spells:

 Your Spells              Type           Power      Damage    Failure   Level
a - Blink                 Tloc           12%        N/A       24%         2

Your spell library contained the following spells:

 Spells                   Type           Power      Damage    Failure   Level
 Lesser Beckoning         Tloc           12%        N/A       24%         2
 Freeze                   Ice            0%         1d3       38%         1
 Kiss of Death            Conj/Necr      0%         2d5       38%         1
 Sandblast                Erth           0%         2d4       38%         1
 Summon Small Mammal      Summ           0%         N/A       38%         1
 Teleport Other           Tloc           6%         N/A       43%         3
 Cigotuvi's Dreadful Rot  Necr/Alch/Air  0%         N/A       52%         2
 Call Canine Familiar     Summ           0%         N/A       77%         3
 Confusing Touch          Hex            0%         N/A       77%         3
 Frozen Ramparts          Ice            0%         1d1       77%         3
 Hailstorm                Conj/Ice       0%         3d5       77%         3
 Passwall                 Erth           0%         N/A       77%         3
 Stone Arrow              Conj/Erth      0%         3d7       77%         3
 Tukima's Dance           Hex            0%         N/A       77%         3
 Manifold Assault         Tloc           6%         N/A       85%         4
 Passage of Golubria      Tloc           6%         N/A       85%         4
 Vhi's Electric Charge    Tloc/Air       6%         N/A       95%         4
 Animate Armour           Summ/Erth      0%         N/A       99%         4
 Brom's Barrelling Bould  Conj/Erth      0%         2d3       99%         4
 Dispel Undead            Necr           0%         3d6       99%         4
 Ignite Poison            Fire/Alch      0%         N/A       99%         4
 Summon Blazeheart Golem  Fire/Summ      0%         N/A       99%         4
 Summon Lightning Spire   Summ/Air       0%         N/A       99%         4
 Freezing Cloud           Conj/Ice/Air   0%         6-21      100%        5
 Lee's Rapid Deconstruct  Erth           0%         3d4*      100%        5
 Yara's Violent Unravell  Hex/Alch       0%         3d3       100%        5


Dungeon Overview and Level Annotations

Branches:
Dungeon (15/15)            Temple (1/1) D:5            Lair (5/5) D:8
  Swamp (0/4) Lair:3       Spider (0/4) Lair:2        Slime (0/5) Lair:5
    Orc (1/2) D:10          Sewer (visited)
 Vaults: D:13-14     Depths: D:15

Altars:
Ashenzari
Cheibriados
Dithmenos
Elyvilon
Fedhas
Gozag
Hepliaklqana
Kikubaaqudgha
Makhleb
Nemelex Xobeh
Okawaru
Qazlal
Ru
Sif Muna
Trog
Uskayaw
Vehumet
Wu Jian
Xom
Yredelemnul
Zin
The Shining One

Shops:
D:9 =   D:10 =*

Portals:
Trove: D:12 (give +4 fire dragon scales)

Annotations:
D:4 2 transporters
D:11 exclusion: obsidian statue


Innate Abilities, Weirdness & Mutations

You are too large for most types of armour.
You have claws for hands.
Your natural rate of healing is unusually fast.
You are covered in fur. (AC +1)
You have tough skin. (AC +1)


Message History

You closely miss the harpy. The harpy claws you.
* * * LOW HITPOINT WARNING * * *
The harpy misses you.
You mangle the harpy!!
The harpy is severely wounded.
The harpy claws you!
* * * LOW HITPOINT WARNING * * *
The harpy claws you!
* * * LOW HITPOINT WARNING * * *
You can now pass through a line of other dancers.
It was a potion of attraction.
You feel attractive to monsters.
The deep elf pyromancer mumbles some strange words.
The cyclops is attracted toward you.
The large slime creature is attracted toward you.
The cyclops is attracted toward you.
The deep elf pyromancer is attracted toward you.
It was a potion of brilliance.
You feel clever all of a sudden. The harpy claws you.
* * * LOW HITPOINT WARNING * * *
The harpy claws you!
* * * LOW HITPOINT WARNING * * *
A large slime creature splits.
The slime creature is attracted toward you. x2
The centaur warrior is attracted toward you.
The cyclops is attracted toward you.
The deep elf pyromancer is attracted toward you.
You mangle the slime creature!! You claw the slime creature!!
The slime creature is almost dead.
The centaur warrior is attracted toward you.
The deep elf pyromancer is attracted toward you.
You mangle the slime creature!!
You kill the slime creature!
The fire elemental is attracted toward you.
You mangle the harpy!!
You kill the harpy!
The centaur warrior wields a +0 orcbow.
The centaur warrior shoots an arrow.
The arrow hits you!!
You die...

#...(......#
#.........## ##
##......#### #.
#.#######
#.##.# #..#.#
#...# ##..#
#@.###...
#.C......
#.....H#c......
......J.§......
###..§.........
#>§E§....§##.
#§... .?....
..§.. ....#..
.Jc(#.§..
....#..


You could see a slime creature, a centaur warrior, a cyclops, a harpy and a fire
elemental (summoned).

Vanquished Creatures
  Rupert (Lair:5)
  A sphinx (D:13)
  Nessos (Lair:4)
  A hydra (Lair:2)
  Erica (Lair:1)
  7 two-headed ogres
  4 death yaks (Lair:3)
  Pikel (D:4)
  A lindwurm (Lair:5)
  2 harpies
  A deep elf pyromancer (D:15)
  A wolf spider (Lair:2)
  A cyclops (D:14)
  18 elephants
  4 black mambas
  3 meliai
  A water nymph (D:12)
  A gargoyle (D:9)
  2 unseen horrors (D:11)
  7 cane toads
  2 rime drakes
  8 komodo dragons
  4 polar bears
  2 trolls
  A tyrant leech (Lair:3)
  A wolf spider simulacrum (D:11)
  Prince Ribbit (D:6)
  16 blink frogs
  9 slime creatures
  Sigmund (D:4)
  A shadow (D:12)
  30 yaks
  A culicivora (Lair:2)
  A wraith (D:12)
  5 wyverns
  3 steam dragons
  2 basilisks (Lair:5)
  2 wargs (D:15)
  8 vampire mosquitoes
  Menkaure (D:5)
  Edmund (D:4)
  An acid dragon (D:11)
  12 water moccasins
  4 ice beasts (D:8)
  A black bear (D:7)
  Pargi (Sewer)
  2 orc warriors (D:10)
  10 wolves
  4 centaurs
  A lemure (D:4)
  Blork the orc (D:4)
  4 phantoms
  3 kobold brigands
  A gnoll sergeant (D:8)
  6 bullfrogs
  4 scorpions
  A brain worm (Sewer)
  3 wights (D:8)
  3 troll zombies (D:10)
  An electric eel (Lair:4)
  6 howler monkeys
  5 orc priests
  4 bombardier beetles
  3 hounds
  4 sleepcaps
  2 iguanas
  12 orc wizards
  6 hell rats (Lair:3)
  5 ogre zombies (D:10)
  13 gnolls
  5 adders
  3 white imps
  2 dart slugs
  2 ribbon worms
  30 orcs
  9 ball pythons
  A bat (D:1)
  5 endoplasms
  5 giant cockroaches
  3 gnoll zombies (D:10)
  11 goblins
  A hobgoblin (D:4)
  2 jackals (D:3)
  18 kobolds
  3 quokkas
  9 frilled lizards
  4 gnoll skeletons (D:10)
  2 orc skeletons (D:10)
  16 orc zombies (D:10)
  5 rats
418 creatures vanquished.

Vanquished Creatures (collateral kills)
  3 yaks (Lair:4)
3 creatures vanquished.

Grand Total: 421 creatures vanquished

Notes
Turn   | Place    | Note
-------+----------+-------------------------------------------
     0 | D:1      | hadoken the Troll Warper began the quest for the Orb.
     0 | D:1      | Reached XP level 1. HP: 19/19 MP: 1/1
   179 | D:1      | Reached XP level 2. HP: 28/28 MP: 2/2
  1129 | D:2      | Learned a level 2 spell: Blink
  1299 | D:2      | Reached XP level 3. HP: 31/35 MP: 3/3
  1385 | D:2      | Reached skill level 3 in Unarmed Combat
  1409 | D:2      | Identified the +8 spear of Epemalagg {venom, *Noise rCorr
                  | Str+6}
  1681 | D:3      | Reached XP level 4. HP: 40/44 MP: 4/4
  1821 | D:3      | Reached skill level 1 in Throwing
  2048 | D:3      | Reached XP level 5. HP: 53/53 MP: 5/5
  2530 | D:4      | Reached skill level 4 in Unarmed Combat
  2644 | D:4      | Noticed Edmund
  2651 | D:4      | Killed Edmund
  2652 | D:4      | Reached XP level 6. HP: 53/62 MP: 6/6
  2780 | D:4      | Noticed Blork the orc
  2803 | D:4      | Killed Blork the orc
  2866 | D:4      | Noticed Sigmund
  2875 | D:4      | Killed Sigmund
  2876 | D:4      | Reached skill level 5 in Unarmed Combat
  2876 | D:4      | Reached XP level 7. HP: 46/70 MP: 7/7
  2910 | D:4      | Found a glowing drain.
  2925 | Sewer    | Entered a sewer
  2972 | Sewer    | Noticed Pargi
  2982 | Sewer    | Killed Pargi
  3137 | D:4      | Found a transporter.
  3257 | D:4      | Found a transporter.
  3365 | D:5      | Entered Level 5 of the Dungeon
  3365 | D:5      | Noticed Pikel
  3474 | D:4      | Killed Pikel
  3475 | D:4      | Reached skill level 5 in Fighting
  3475 | D:4      | Reached skill level 6 in Unarmed Combat
  3475 | D:4      | Reached XP level 8. HP: 50/81 MP: 8/8
  3668 | D:5      | Noticed Menkaure
  3681 | D:5      | Killed Menkaure
  3682 | D:5      | Reached skill level 7 in Unarmed Combat
  3732 | D:5      | Found a staircase to the Ecumenical Temple.
  3879 | Temple   | Entered the Ecumenical Temple
  3886 | Temple   | Became a worshipper of Uskayaw the Reveller
  4112 | D:5      | Reached * piety under Uskayaw
  4115 | D:5      | Reached ** piety under Uskayaw
  4370 | D:6      | Reached skill level 1 in Invocations
  4513 | D:6      | Reached XP level 9. HP: 89/89 MP: 9/9
  4524 | D:6      | Reached *** piety under Uskayaw
  4535 | D:6      | You fall into a shaft and drop 2 floors!
  4572 | D:8      | Reached **** piety under Uskayaw
  4731 | D:6      | Noticed Prince Ribbit
  4736 | D:6      | Killed Prince Ribbit
  5005 | D:6      | Reached skill level 8 in Unarmed Combat
  5201 | D:6      | Found a white marble altar of Elyvilon.
  6106 | D:8      | Identified the ring of Arrosch {rN+ Will+}
  6163 | D:8      | Noticed a rime drake
  6246 | D:8      | Killed a rime drake
  6267 | D:8      | Reached skill level 9 in Unarmed Combat
  7104 | D:8      | Reached XP level 10. HP: 104/104 MP: 11/11
  7226 | D:8      | Found a staircase to the Lair.
  7235 | D:8      | Reached ***** piety under Uskayaw
  7720 | D:9      | Found Neocophy's Jewellery Emporium.
  7730 | D:9      | Noticed a two-headed ogre
  7749 | D:9      | Killed a two-headed ogre
  7750 | D:9      | Reached skill level 10 in Unarmed Combat
  7988 | D:9      | Noticed a two-headed ogre
  7999 | D:9      | Killed a two-headed ogre
  8121 | D:9      | Noticed a two-headed ogre
  8140 | D:9      | Killed a two-headed ogre
  8141 | D:9      | Reached skill level 11 in Unarmed Combat
  8399 | D:10     | Entered Level 10 of the Dungeon
  8399 | D:10     | Found Faiduqus's Jewellery Emporium.
  8408 | D:10     | Bought a ring of poison resistance for 340 gold pieces
  8443 | D:10     | Noticed a two-headed ogre
  8561 | D:10     | Found Cohoyt's Island Escapes.
  8582 | D:10     | Killed a two-headed ogre
  8583 | D:10     | Reached XP level 11. HP: 101/115 MP: 12/12
  8623 | D:10     | Noticed a two-headed ogre
  8637 | D:10     | Killed a two-headed ogre
  8784 | D:10     | Noticed a two-headed ogre
  8917 | D:10     | Killed a two-headed ogre
  8918 | D:10     | Reached skill level 10 in Fighting
  8965 | D:10     | Found a staircase to the Orcish Mines.
  9035 | D:10     | Found a flagged portal.
  9681 | D:11     | Reached skill level 12 in Unarmed Combat
 10030 | D:11     | Identified the +9 falchion of Slow Death {flame, rCorr
                  | Dex+2 Stlth+}
 10514 | D:11     | Noticed an obsidian statue
 10904 | D:12     | Noticed a sixfirhy
 11052 | D:12     | Found a portal to a secret trove of treasure.
 11077 | D:11     | Reached skill level 5 in Throwing
 11185 | D:12     | Noticed a two-headed ogre
 11186 | D:12     | Noticed a boulder beetle
 11199 | D:12     | Killed a two-headed ogre
 11205 | D:12     | a boulder beetle changed into a water nymph
 11245 | D:12     | Reached skill level 5 in Invocations
 11321 | Lair:1   | Entered Level 1 of the Lair of Beasts
 11335 | Lair:1   | Reached XP level 12. HP: 126/128 MP: 12/14
 11579 | Lair:1   | Reached ****** piety under Uskayaw
 11674 | Lair:1   | Noticed Erica
 11682 | Lair:1   | Killed Erica
 12868 | Lair:2   | Noticed a five-headed hydra
 12907 | Lair:2   | Killed a seven-headed hydra
 13128 | Lair:2   | Found a hole to the Spider Nest.
 13240 | Lair:2   | Reached skill level 13 in Unarmed Combat
 13240 | Lair:2   | Reached skill level 1 in Shapeshifting
 13773 | Lair:3   | Reached XP level 13. HP: 137/137 MP: 15/17
 14266 | Lair:3   | Found a staircase to the Swamp.
 14944 | Lair:4   | Noticed Nessos
 14959 | Lair:4   | Killed Nessos
 15542 | Lair:5   | Entered Level 5 of the Lair of Beasts
 15676 | Lair:5   | Reached skill level 14 in Unarmed Combat
 15676 | Lair:5   | Reached skill level 5 in Shapeshifting
 16041 | Lair:5   | Found a staircase to the Slime Pits.
 16052 | Lair:5   | Identified the ring of the Barnacle {^Contam rC- Str+6
                  | Slay+4 SInv}
 16189 | Lair:5   | Noticed Rupert
 16216 | Lair:5   | Killed Rupert
 16601 | Orc:1    | Entered Level 1 of the Orcish Mines
 16601 | Orc:1    | Noticed an orc warlord
 16963 | D:13     | Noticed a sphinx
 16965 | D:13     | Paralysed by a sphinx for 4 turns
 16975 | D:13     | Killed a sphinx
 16976 | D:13     | Reached XP level 14. HP: 82/150 MP: 7/18
 17151 | D:15     | Entered Level 15 of the Dungeon
 17484 | D:14     | HP: 7/150 [harpy (4)]
 17484 | D:14     | HP: 1/150 [harpy (6)]
 17488 | D:14     | Shot with an arrow by a centaur warrior

Illustrated notes

Levels and vault maps discovered:
D:1:      lemuel_arrival_rhombus, layout_basic
D:2:      layout_loops_ring, kennysheep_donut, minmay_octomino_c4
D:3:      layout_basic
D:4:      gammafunk_wand_slinger, layout_basic, cheibrodos_sewer_entry_sluice,
          minmay_crystal_water, fountainhead, uniq_sigmund, uniq_blork_the_orc,
          uniq_edmund
D:5:      layout_rooms, minmay_temple_entry_poolview, uniq_pikel, uniq_menkaure
D:6:      layout_loops_corners, nicolae_elyvilon_peaceful_grove,
          uniq_prince_ribbit1
D:7:      layout_loops_corners, nicolae_elevator_lobby_plus
D:8:      layout_basic, hellmonk_lair_entry_icy, chequers_serial_rivers_room_a
D:9:      layout_gridville, serial_shops, shop, minmay_misc_feat_five
D:10:     layout_basic, zombieorc2_lemuel, serial_shops, shop, enter_bailey_6,
          reono_crystal_passage, nicolae_island_escapes
D:11:     minmay_statue_hallways, layout_basic
D:12:     layout_basic, enter_trove_0, kennysheep_path_1
D:13:     kennysheep_funnel, layout_loops_corners, erik_vaults_2
D:14:     layout_rooms, hangedman_abyss_or_decor_clamps,
          beargit_hepliaklqana_dungeon_heroes
D:15:     grunt_enter_depths_hoard, layout_layer_cave, nicolae_twisting_strands
Temple:   compressed_dpeg_triangle_lava_temple
Lair:1:   layout_hall_layers, serial_bayou_crossing, serial_bayou_shore_a,
          uniq_erica
Lair:2:   layout_hall_layers, spider_nest_entry_rubble,
          infiniplex_staircase_pool
Lair:3:   layout_regular_city, minmay_swamp_entry_worms, serial_bayou_pond_c
Lair:4:   layout_gridlike, serial_bayou_lagoon_a, uniq_nessos
Lair:5:   cheibrodos_lair_end_hotspot, layout_layer_cave, slime_entry_1,
          lemuel_fruit_tree, uniq_rupert
Orc:1:    layout_diamond_mine, nicolae_orc_minecarts, uniq_nergalle

Skill      XL: |  1  2  3  4  5  6  7  8  9 10 11 12 13 |
---------------+----------------------------------------+-----
Fighting       | 2 3 4 5 6 7 9 10 11 12 | 12.5
Unarmed Combat | 3 4 5 6 7 9 11 12 13 14 | 14.6
Throwing       | 1 2 3 4 6 8 |  8.4
Invocations    | 1 3 5 7 |  7.7
Shapeshifting  | 2 6 |  6.5
Dodging        | |  1.9
Spellcasting   | |  1.2
Translocations | |  2.1

Action                     |  1- 3 |  4- 6 |  7- 9 | 10-12 | 13-15 || total
---------------------------+-------+-------+-------+-------+-------++-------
  Melee: Unarmed           |   106 |    85 |   201 |   348 |   328 ||  1068
         Punch             |       |     1 |     9 |    23 |    24 ||    57
  Throw: Dart              |     1 |       |       |     7 |    23 ||    31
         Boomerang         |       |    45 |    91 |   288 |    45 ||   469
         Javelin           |       |       |     1 |     5 |    10 ||    16
   Cast: Blink             |     1 |       |     1 |     3 |     2 ||     7
  Evoke: Wand              |       |       |       |    26 |     9 ||    35
    Use: Scroll            |     3 |     2 |     8 |    13 |    14 ||    40
         Potion            |     1 |     3 |     2 |     4 |    13 ||    23
   Stab: Paralysed         |       |       |     6 |    26 |    31 ||    63
         Petrified         |       |       |       |       |     2 ||     2
 Armour: Robe              |    60 |    54 |    17 |       |       ||   131
         Skin              |     4 |    14 |       |       |       ||    18
         Troll leather arm |       |       |   129 |   290 |   299 ||   718
  Dodge: Dodged            |    60 |    20 |    73 |   115 |   126 ||   394
